 Dungeon Crawl Stone Soup version 0.27-a0-1572-gacd6f1ce93 (webtiles) character file.

Game seed: 3054356283910976614

807 DocSulfur the Ducker (level 8, -6/54 HPs)
             Began as a Djinni Gladiator on July 17, 2021.
             Mangled by a two-headed ogre (30 damage)
             ... on level 4 of the Dungeon.
             The game lasted 00:21:34 (5657 turns).

DocSulfur the Ducker (Djinni Gladiator)             Turns: 5657, Time: 00:21:34

Health: -6/54      AC:  6    Str: 15    XL:     8   Next: 14%
Gold:   178        EV: 14    Int: 11    God:
                   SH:  5    Dex: 20

rFire    + + .     SeeInvis .   q - +3 dagger (venom)
rCold    . . .     Faith    .   (no shield)
rNeg     . . .     Spirit   .   b - +0 leather armour
rPois    ∞         Reflect  +   r - +2 helmet
rElec    .         Harm     .   (no cloak)
rCorr    .         Rampage  .   (no gloves)
Will     .....                  (boots unavailable)
Stlth    ++........             h - amulet of reflection
HPRegen  0.18/turn              k - ring of protection from cold
MPRegen  0.00/turn              w - +6 ring of dexterity

@: flying
A: sickness immunity, fire resistance 2, cold vulnerability 1, float, innate
caster, hp casting, extra vitality 1
a: no special abilities


You were on level 4 of the Dungeon.
You visited 1 branch of the dungeon, and saw 4 of its levels.

You collected 178 gold pieces.

Inventory:

Hand Weapons
 a - a +0 long sword
 n - a +0 hunting sling
 q - a +3 dagger of venom (weapon)
 x - the +5 trident "Lokoilyd" {flame, rElec rF+ rC+}
   (You found it on level 4 of the Dungeon)

   It burns those it strikes, dealing additional fire damage.
   rF:        It protects you from fire.
   rC:        It protects you from cold.
   rElec:     It insulates you from electricity.
Missiles
 d - 3 throwing nets
 o - 162 stones
 s - 8 javelins (quivered)
Armour
 b - a +0 leather armour (worn)
 r - a +2 helmet (worn)
 v - a +0 ring mail
Jewellery
 h - an amulet of reflection (around neck)
 k - a ring of protection from cold (left hand)
 w - a +6 ring of dexterity (right hand)
Wands
 p - a wand of digging (1)
Scrolls
 c - 2 scrolls of vulnerability {unknown}
 f - a scroll of summoning {unknown}
 j - a scroll of blinking
 t - a scroll of amnesia {unknown}
Potions
 e - 2 potions of haste
 g - a potion of heal wounds {unknown}
 i - 3 potions of brilliance
 l - a potion of ambrosia
 m - a potion of attraction {unknown}
 u - a potion of degeneration {unknown}


   Skills:
 - Level 2.0 Fighting
 * Level 3.5(4.2) Short Blades
 - Level 3.4(4.1) Long Blades
 - Level 1.0(1.4) Slings
 - Level 1.5(1.7) Throwing
 - Level 1.6 Armour
 + Level 5.0 Dodging
 * Level 2.9 Stealth
 * Level 3.0 Spellcasting


You had 7 spell levels left.
You knew the following spells:

 Your Spells              Type           Power      Damage    Failure   Level
a - Freeze                Ice            32%        1d5       9%          1
b - Ensorcelled Hibernat  Hex/Ice        16%        N/A       14%         2
c - Spider Form           Tmut/Pois      4%         N/A       26%         3
Your spell library was empty.

Dungeon Overview and Level Annotations

Branches:
Dungeon (4/15)
 Temple: D:4-7

Altars:
Hepliaklqana
Nemelex Xobeh
Uskayaw

Shops:
D:1 :   D:2 =   D:3 :

Annotations:
D:3 Beaer's ghost, amateur VSBr
D:4 1 transporter, micdi's ghost, amateur DEIE


Innate Abilities, Weirdness & Mutations

You are immune to sickness and miasma.
You are immune to poison.
Your flesh is very heat resistant. (rF++)
You are vulnerable to cold. (rC-)
You float through the air rather than walking.
You learn spells naturally, not from books.
Your magical power is your life essence.
You have superior vitality. (+4 HP)


Message History

There is an open door here.
Sorry, I don't know how to traverse that place.
There is a stone staircase leading up here.
There is an open door here.
The hobgoblin shouts!
There is a transporter landing site here.
There is a transporter landing site here.
There is a transporter landing site here.
What are your orders? t - Shout!
Orders for allies: a - Attack new target. r - Retreat! s - Stop attacking. g - Guard the area. f - Follow me.
Anything else - Cancel.
You shout for attention!
There is a transporter landing site here.
There is a transporter landing site here.
The endoplasm jiggles.
There is a transporter landing site here.
There is a transporter landing site here.
There is an open door here.
There is a stone staircase leading up here.
There is an open door here.
The endoplasm quivers.
Micdi's ghost shrieks, "They lied to you.
The Dungeon just goes down and down forever."
Micdi's ghost says, "You will join me soon!"
There is a transporter landing site here.
Sorry, I don't know how to traverse that place.
There is an open door here.
There is an open door here.
There is a transporter here.
Okay, then.
You enter the transporter and appear at another place.
You see here the +5 trident "Lokoilyd" {flame, rElec rF+ rC+}.
x - the +5 trident "Lokoilyd" {flame, rElec rF+ rC+} The two-headed ogre hits you with a +0 giant spiked club! x2
The hobgoblin closely misses you.
The two-headed ogre hits you with a +0 giant spiked club!!
Ouch! That really hurt!
You die...

............########)#..#
............'.....#.....###
............###.....©.....##
...<##########..#########..######
...## #.##8....J8##......# ^..#
#.#.........#......# ...#
#.#.#.....#.#......# #'##
#.#WO#...#..#......# #.#
#.#@g..©....#......# #.#
#.#..#...#..#......# #.#
#.#.#.....#.#.###### #.#
#.#©........#.# #.#
######.##8..)$.8##.# #.#
#.......#########..# #.#
#.#####.....©.....## #.# #.#
###.#...#.### #.# #.# #.......#


You could see a two-headed ogre, micdi's ghost, an endoplasm (wandering) and a
hobgoblin.

Vanquished Creatures
  Sigmund (D:3)
  A steam dragon (D:4)
  A scorpion (D:4)
  A howler monkey (D:4)
  A jelly (D:3)
  A hound (D:4)
  2 iguanas (D:4)
  Natasha (thrice) (D:3)
  Ijyb (D:2)
  A hound skeleton (D:4)
  4 gnolls (D:4)
  A howler monkey skeleton (D:4)
  4 adders
  3 worms
  3 dart slugs
  9 orcs (D:3)
  3 bats
  5 endoplasms
  4 giant cockroaches
  13 goblins
  2 hobgoblins (D:4)
  2 jackals (D:2)
  2 kobolds (D:1)
  5 quokkas
  A ball python (D:1)
  4 frilled lizards
  4 rats
82 creatures vanquished.

Notes
Turn   | Place    | Note
-------+----------+-------------------------------------------
     0 | D:1      | DocSulfur the Djinni Gladiator began the quest for the Orb.
     0 | D:1      | Reached XP level 1. HP: 18/18 MP: 0/0
   241 | D:1      | Found Loclap's Book Shop.
   274 | D:1      | Reached XP level 2. HP: 21/23 MP: 0/0
   876 | D:2      | Found Nuthru Hudghi's Jewellery Boutique.
  1006 | D:2      | Reached XP level 3. HP: 28/28 MP: 0/0
  1006 | D:2      | Learned a level 1 spell: Freeze
  1436 | D:2      | Noticed Ijyb
  1517 | D:2      | Reached skill level 1 in Armour
  1583 | D:2      | Killed Ijyb
  1584 | D:2      | Reached skill level 1 in Spellcasting
  1584 | D:2      | Reached XP level 4. HP: 21/33 MP: 0/0
  2087 | D:3      | Reached skill level 1 in Slings
  2160 | D:3      | Reached XP level 5. HP: 38/38 MP: 0/0
  2160 | D:3      | Learned a level 2 spell: Ensorcelled Hibernation
  2277 | D:3      | Found a transporter.
  2286 | D:3      | Noticed Beaer's ghost (amateur VSBr)
  2289 | D:3      | Found a transporter.
  2340 | D:3      | Found a sparkling altar of Nemelex Xobeh.
  2534 | D:3      | Noticed Natasha
  2542 | D:3      | Killed Natasha
  2543 | D:3      | Reached skill level 1 in Short Blades
  2548 | D:3      | Found a faded altar of an unknown god.
  2557 | D:3      | Reached skill level 4 in Dodging
  2630 | D:3      | Found a hazy altar of Hepliaklqana.
  2666 | D:3      | Found Qenohu's Book Shoppe.
  2793 | D:3      | Noticed Sigmund
  2900 | D:3      | Noticed Natasha
  2938 | D:3      | Killed Natasha
  3422 | D:3      | Noticed Natasha
  3480 | D:3      | Killed Natasha
  3481 | D:3      | Reached XP level 6. HP: 28/43 MP: 0/0
  3625 | D:3      | Killed Sigmund
  3626 | D:3      | Reached skill level 1 in Stealth
  3626 | D:3      | Reached XP level 7. HP: 29/49 MP: 0/0
  3626 | D:3      | Learned a level 3 spell: Spider Form
  4568 | D:4      | Noticed micdi's ghost (amateur DEIE)
  4569 | D:4      | Found a transporter.
  4615 | D:4      | Noticed a steam dragon
  4948 | D:4      | Noticed a two-headed ogre
  4996 | D:4      | Found a transporter.
  5109 | D:4      | Killed a steam dragon
  5110 | D:4      | Reached skill level 5 in Dodging
  5110 | D:4      | Reached XP level 8. HP: 46/54 MP: 0/0
  5183 | D:4      | Found a hide-covered altar of Uskayaw.
  5652 | D:4      | Identified the +5 trident "Lokoilyd" {flame, rElec rF+ rC+}
  5657 | D:4      | Mangled by a two-headed ogre

Illustrated notes

Levels and vault maps discovered:
D:1:      wander_arrival_peaceful_grave, layout_loops_cross, serial_shops,
          nicolae_square_shop
D:2:      kennysheep_the_goblin_king, layout_basic, serial_shops,
          nicolae_shop_waterfront, chequers_serial_rivers_micro_d,
          minmay_quantized
D:3:      layout_basic, mainiacjoe_overflow_24_doors,
          mainiacjoe_overflow_surrounded_room,
          chequers_ecumenical_altar_simple_redux, serial_shops, shop,
          gammafunk_ghost_arena, st_stairs_13, uniq_sigmund, uniq_natasha
D:4:      layout_basic, nicolae_uskayaw_suspiria, gammafunk_ghost_arena

Skill      XL: |  1  2  3  4  5  6  7 |
---------------+----------------------+-----
Long Blades    | 3 |  3.4
Armour         | 1 |  1.6
Spellcasting   | 1 2 3 |  3.0
Slings         | 1 |  1.0
Short Blades   | 2 3 |  3.5
Dodging        | 4 5 |  5.0
Stealth        | 1 2 |  2.9
Fighting       | |  2.0
Throwing       | |  1.5

Action                   |  1- 3 |  4- 6 |  7- 9 || total
-------------------------+-------+-------+-------++-------
Melee: Long sword        |    79 |       |       ||    79
       Dagger            |       |    86 |   117 ||   203
 Fire: Hunting sling     |    22 |     6 |       ||    28
 Cast: Ensorcelled Hiber |       |       |     5 ||     5
       Freeze            |       |       |     3 ||     3
  Use: Potion            |       |     1 |       ||     1
       Scroll            |       |     3 |     1 ||     4
 Stab: Sleeping          |       |       |     3 ||     3
Armor: Leather armour    |    31 |    20 |    30 ||    81
Dodge: Dodged            |    66 |    45 |    68 ||   179
Block: Other             |       |     7 |    20 ||    27
       Reflection        |       |       |     2 ||     2
       Rpst.: Long sword |    17 |       |       ||    17

Table legend: (Time is in decaauts)
 A = Elapsed time spent in this place.
 B = Non-inter-level travel time spent in this place.
 C = Inter-level travel time spent in this place.
 D = Time resting spent in this place.
 E = Time spent auto-exploring this place.
 F = Levels seen in this place.
 G = Mean time per level.
                   A        B        C        D        E       F      G
               +--------+--------+--------+--------+--------+-----+--------+
         Total |   5656 |   5147 |    509 |      0 |   2870 |   4 | 1414.0 |
       Dungeon |   5656 |   5147 |    509 |      0 |   2870 |   4 | 1414.0 |
               +--------+--------+--------+--------+--------+-----+--------+

Top non-repeatable levels by time:
     D:3: 1963 daAuts
     D:4: 1611 daAuts
     D:2: 1275 daAuts
     D:1: 806 daAuts
